 Dungeon Crawl Stone Soup version bcrawl-1.21.3 (webtiles) character file.

Game seed: 10816002867874230042

3996 Ankalagon the Grappler (level 10, -5/85 HPs)
             Began as a Troll Warper on Apr 8, 2020.
             Was a Priest of Cheibriados.
             Killed by mirror damage (17 damage)
             ... on level 3 of the Dungeon.
             The game lasted 00:17:42 (6519 turns).

Ankalagon the Grappler (Troll Warper)               Turns: 6519, Time: 00:17:42

Health: -5/85      AC: 11    Str: 28    XL:     10   Next: 3%
Magic:  0/13       EV: 10    Int: 20    God:    Cheibriados [***...]
Gold:   566        SH: 11    Dex: 19    Spells: 8/11 levels left

rFire    . . .     SeeInvis .     - Unarmed
rCold    + . .     Gourm    +   b - +0 medium shield
rNeg     . . .     Faith    .   (armour unavailable)
rPois    .         Spirit   .   D - +2 hat {Int+3}
rElec    .         Reflect  .   y - +0 cloak
rCorr    .         Harm     .   (gloves unavailable)
MR       .....                  (boots unavailable)
Stlth    ++........             (no amulet)
HPRegen  0.64/turn              g - ring of Set Att {rC+ EV+1 Slay+5}
MPRegen  0.13/turn              (no ring)

@: very slightly contaminated, very slow
A: large, almost no armour, unfitting armour, claws 3, fast metabolism 3,
gourmand, regeneration 1, AC +8
a: Bend Time, Temporal Distortion, Renounce Religion


You were on level 3 of the Dungeon.
You worshipped Cheibriados.
Cheibriados was most pleased with you.
You were very full.

You visited 2 branches of the dungeon, and saw 8 of its levels.
You also visited: Ossuary.

You collected 797 gold pieces.
You spent 231 gold pieces at shops.

Inventory:

Missiles
 d - 66 large rocks (quivered)
 f - 2 throwing nets {!f}
 r - 135 tomahawks
Armour
 b - a +0 medium shield (worn)
 w - a +0 medium shield
 y - a +0 cloak (worn)
 D - a +2 hat of intelligence (worn)
Jewellery
 g - the ring of Set Att (left claw) {rC+ EV+1 Slay+5}
   (You took it off a gnoll on level 5 of the Dungeon)

   [ring of evasion]

   It affects your evasion (+1).
   It affects your accuracy and damage with ranged weapons and melee attacks
   (+5).
   It protects you from cold.
Wands
 c - a wand of flame (14)
 t - a wand of polymorph (8)
 A - a wand of digging (8)
 B - a wand of scattershot (6)
 C - a wand of paralysis (11)
Scrolls
 i - 8 scrolls of teleportation
 j - 3 scrolls of amnesia
 k - a scroll of enchant armour {unknown}
 m - 3 scrolls of remove curse
 n - 2 scrolls of magic mapping {unknown}
 q - 5 scrolls of fear
 s - a scroll of enchant weapon
 u - a scroll of fog {unknown}
Potions
 a - 5 potions of curing
 h - a potion of haste
 l - 2 potions of resistance
 o - a potion of heal wounds
 p - 2 potions of lignification
 v - a potion of ambrosia
 x - a potion of mutation
 z - 2 potions of might {unknown}
Comestibles
 e - 17 rations {!d}
 E - 4 chunks of flesh {@w1}


   Skills:
 - Level 1.5 Fighting
 - Level 4.3 Throwing
 - Level 1.5 Dodging
 + Level 6.6 Shields
 - Level 8.0 Unarmed Combat
 - Level 1.0 Spellcasting
 - Level 2.1 Translocations
 - Level 5.6 Invocations


You had 8 spell levels left.
You knew the following spells:

 Your Spells              Type           Power        Failure   Level  Hunger
a - Blink Other           Tloc           #.....       12%         1    ##.....
q - Blink                 Tloc           N/A          19%         2    ###....

Your spell library contained the following spells:

 Spells                   Type           Power        Failure   Level  Hunger
 Portal Projectile        Tloc           #.....       34%         3    ####...
 Teleport Other           Tloc           #.......     34%         3    ####...
 Passage of Golubria      Tloc           N/A          97%         5    ######.


Dungeon Overview and Level Annotations

Branches:
Dungeon (7/12)             Temple (1/1) D:4
   Lair: D:7-9

Altars:
Ashenzari
Cheibriados
Fedhas
Gozag
Hepliaklqana
Lugonu
Makhleb
Nemelex Xobeh
Okawaru
Qazlal
Ru
Sif Muna
Trog
Uskayaw
Vehumet
Wu Jian
Xom
Yredelemnul
Zin
The Shining One

Shops:
D:5 (   D:7 [


Innate Abilities, Weirdness & Mutations

You cannot wear most types of armour.
Your thick skin is tough. (AC +8)
You are too large for most types of armour.
You have claws for hands.
Your metabolism is lightning-fast.
You like to eat raw meat.
Your natural rate of healing is unusually fast.


Message History

You are very lightly contaminated with residual magic.
You catch a glimpse of the back of your own head.
The death knight hits you with a +3 great mace!!
* * * LOW HITPOINT WARNING * * *
Casting: Blink (safe; 19% risk of failure)
Confirm with . or Enter, or press ? or * to list all spells.
You blink.
Throwing (i - inventory. (/) - cycle)
d - 67 large rocks (quivered)
Press: ? - help, Shift-Dir - straight line, f/p - death knight
Aim: a death knight, wielding a +3 great mace and wearing a +0 chain mail (lightly wounded, reflecting injuries)
You throw a large rock.
The large rock hits the death knight but does no damage.
The death knight is lightly wounded.
Throwing (i - inventory. (/) - cycle)
d - 66 large rocks (quivered)
Press: ? - help, Shift-Dir - straight line, f/p - death knight
Aim: a death knight, wielding a +3 great mace and wearing a +0 chain mail (lightly wounded, reflecting injuries)
You throw a large rock. The large rock hits the death knight!!
The death knight is heavily wounded.
The death knight reflects your damage back at you!
You die...

#.....###.#####.####..........##.
....>.# #..>.............####.##.
.#.#..# ######.#########.####.##.
.#.#..########.#.......#.........
.#.#..#........#.......#..###.###
..)(..#.######.#.......'..# #.#
.........<.....#.%.....'..# #.#
........######.#....p..'.## #.#
......########.#@......#†# #.#
.............#.#.......#.# #.#
......######.#.#########.## #.##
.....## #..............# #..#
.....# #..##...#.#.#.#####.#
.###.# ##..##...........# #.# .#
#.# ##.............##.# #.# .#
#.# #....###.#####.##.###(#
.###.#####..#####.# #.##.....#


You could see a death knight.

Vanquished Creatures
  The ghost of funkygono the Conjurer, a novice FrCj (D:5)
  The ghost of dscm the Cutter, an amateur KoFi (D:3)
  2 hippogriffs
  Sigmund (D:5)
  5 yaks (D:7)
  A hungry ghost (D:7)
  Edmund (D:4)
  A crocodile (D:5)
  A sky beast (D:4)
  A phantom (D:7)
  3 centaurs
  A bullfrog (D:7)
  2 elf zombies (Ossuary)
  3 gnoll sergeants (D:5)
  2 scorpions (D:4)
  2 howler monkeys
  2 centaur zombies (Ossuary)
  3 crimson imps
  A quasit (D:7)
  2 hounds (D:7)
  A jelly (D:5)
  An orc priest (D:3)
  A gnoll shaman (D:5)
  3 human zombies (Ossuary)
  Jessica (D:2)
  6 worker ants
  2 orc wizards (D:5)
  A hound zombie (Ossuary)
  3 mummies (Ossuary)
  Robin (D:4)
  9 gnolls (D:5)
  A worker ant zombie (D:7)
  9 adders
  5 adder zombies (Ossuary)
  3 worms
  A dart slug (D:4)
  A leopard gecko (D:1)
  12 orcs
  A ball python (D:2)
  5 bats
  4 giant cockroaches
  A gnoll zombie (Ossuary)
  12 goblins
  14 hobgoblins
  5 jackals
  2 quokkas
  6 frilled lizards
  6 goblin zombies
  3 hobgoblin zombies (Ossuary)
  6 jackal zombies (Ossuary)
  10 kobolds
  An orc zombie (Ossuary)
  6 quokka zombies (Ossuary)
  5 rats
  2 rat zombies (Ossuary)
  A fungus (D:4)
187 creatures vanquished.

Vanquished Creatures (others)
  A troll (D:7)
  2 orc warriors (D:7)
  An ice beast (D:7)
  A centaur (D:7)
  A worker ant (D:7)
  A gnoll (D:7)
  A jackal (D:7)
  6 plants (D:5)
14 creatures vanquished.

Grand Total: 201 creatures vanquished

Notes
Turn   | Place    | Note
-------+----------+-------------------------------------------
     0 | D:1      | Ankalagon the Troll Warper began the quest for the Orb.
     0 | D:1      | Reached XP level 1. HP: 19/19 MP: 1/1
    38 | D:1      | Reached skill level 1 in Unarmed Combat
   309 | D:1      | Reached XP level 2. HP: 27/27 MP: 2/2
   334 | D:1      | Reached skill level 2 in Unarmed Combat
   604 | D:1      | Reached XP level 3. HP: 33/33 MP: 3/3
   803 | D:1      | Found a sparkling altar of Nemelex Xobeh.
  1029 | D:2      | Reached skill level 3 in Unarmed Combat
  1167 | D:2      | Found a shimmering blue altar of Sif Muna.
  1167 | D:2      | Found a burning altar of Makhleb.
  1168 | D:2      | Found a hide-covered altar of Uskayaw.
  1168 | D:2      | Found an iron altar of Okawaru.
  1170 | D:2      | Found a glowing golden altar of the Shining One.
  1171 | D:2      | Found a glowing silver altar of Zin.
  1171 | D:2      | Noticed Jessica
  1190 | D:2      | Killed Jessica
  1190 | D:2      | Gained mutation: Your natural rate of healing is unusually
                  | fast. [Troll growth]
  1190 | D:2      | Reached XP level 4. HP: 22/41 MP: 4/4
  1799 | D:3      | Reached skill level 4 in Unarmed Combat
  1869 | D:3      | Found a runed translucent gate.
  1869 | D:3      | Found a runed translucent gate.
  1869 | D:3      | Found a runed translucent gate.
  1870 | D:3      | Noticed dscm's ghost (amateur KoFi)
  1880 | D:3      | Reached XP level 5. HP: 39/48 MP: 5/5
  1951 | D:3      | Noticed a death knight
  2336 | D:4      | Noticed Robin
  2344 | D:4      | Noticed Edmund
  2472 | D:4      | Killed Robin
  2486 | D:4      | Killed Edmund
  2486 | D:4      | Reached XP level 6. HP: 28/55 MP: 6/6
  2545 | D:4      | Found a blossoming altar of Fedhas.
  2560 | D:4      | Reached skill level 5 in Unarmed Combat
  2625 | D:4      | Noticed a sky beast
  2631 | D:4      | Killed a sky beast
  2655 | D:4      | Found a staircase to the Ecumenical Temple.
  2664 | Temple   | Entered the Ecumenical Temple
  2755 | Temple   | Became a worshipper of Cheibriados the Contemplative
  2835 | D:4      | Found a basalt altar of Yredelemnul.
  3039 | D:4      | Reached skill level 1 in Invocations
  3039 | D:4      | Reached XP level 7. HP: 49/62 MP: 7/7
  3239 | D:5      | Entered Level 5 of the Dungeon
  3260 | D:5      | Reached skill level 6 in Unarmed Combat
  3590 | D:5      | Found a transporter.
  3590 | D:5      | Found a transporter.
  3610 | D:5      | Noticed Sigmund
  3613 | D:5      | Killed Sigmund
  3630 | D:5      | Identified the cursed +0 scale mail of the Tired Queens
                  | {+Inv rElec Regen+ Int+4 Dex-3}
  3651 | D:5      | Reached * piety under Cheibriados
  3651 | D:5      | Reached XP level 8. HP: 43/70 MP: 9/9
  3667 | D:5      | Reached skill level 7 in Unarmed Combat
  3752 | D:5      | Found Ulludi's Weapon Boutique.
  3881 | D:5      | Identified the ring of Set Att {rC+ EV+1 Slay+5}
  4049 | D:5      | Noticed funkygono's ghost (novice FrCj)
  4105 | D:5      | HP: 1/70 [funkygono's ghost/orb of energy (19)]
  4109 | D:5      | Killed funkygono's ghost
  4109 | D:5      | Reached skill level 8 in Unarmed Combat
  4109 | D:5      | Reached skill level 5 in Invocations
  4224 | D:5      | Reached skill level 1 in Shields
  4247 | D:5      | HP: 3/70 [poisoned by a gnoll sergeant]
  4252 | D:5      | HP: 3/70 [poisoned by a gnoll sergeant]
  4601 | D:6      | Noticed a hippogriff
  4611 | D:6      | Killed a hippogriff
  4671 | D:6      | Found a sand-covered staircase.
  4681 | Ossuary  | Entered an ossuary
  4696 | Ossuary  | Reached XP level 9. HP: 76/76 MP: 12/12
  4722 | Ossuary  | Reached ** piety under Cheibriados
  4884 | Ossuary  | Learned a level 2 spell: Blink
  5571 | D:7      | Killed a troll
  5578 | D:7      | Found a shimmering altar of Xom.
  5631 | D:7      | Reached skill level 5 in Shields
  6139 | D:7      | Reached *** piety under Cheibriados
  6311 | D:7      | Found Zumemeemm's Antique Armour Shoppe.
  6314 | D:7      | Bought a runed hat for 231 gold pieces
  6505 | D:3      | Killed dscm's ghost
  6505 | D:3      | Reached XP level 10. HP: 85/85 MP: 11/13
  6519 | D:3      | Killed by mirror damage

Skill      XL: |  1  2  3  4  5  6  7  8  9 |
---------------+----------------------------+-----
Unarmed Combat | 1 2 3 4 5 6 8 |  8.0
Throwing       | 2 3 4 |  4.3
Invocations    | 1 3 5 |  5.6
Shields        | 2 6 |  6.6
Fighting       | |  1.5
Dodging        | |  1.5
Spellcasting   | |  1.0
Translocations | |  2.1

Action                   |  1- 3 |  4- 6 |  7- 9 | 10-12 || total
-------------------------+-------+-------+-------+-------++-------
Melee: Unarmed           |   117 |   132 |   286 |     4 ||   539
       Punch             |     1 |     4 |     1 |       ||     6
Throw: Large rock        |     4 |     5 |    21 |     5 ||    35
       Tomahawk          |       |       |    13 |       ||    13
 Cast: Blink             |       |       |       |     2 ||     2
Invok: Bend Time         |       |       |     2 |     1 ||     3
       Temporal Distorti |       |       |       |     1 ||     1
  Use: Scroll            |       |       |    15 |       ||    15
       Potion            |       |       |     4 |       ||     4
 Stab: Sleeping          |       |       |     1 |       ||     1
  Eat: Chunk             |    10 |    15 |    19 |       ||    44
Armor: Skin              |    52 |    49 |    96 |     1 ||   198
Dodge: Dodged            |    91 |    65 |   135 |     1 ||   292
Block: Medium shield     |       |       |    81 |     1 ||    82
